 Dungeon Crawl Stone Soup version 0.29-a0-1023-g6ae1a4a2c7 (webtiles) character file.

Game seed: 12068409629982121135

44 Sabo the Charlatan (level 3, 0/25 HPs)
             Began as a Gnoll Wanderer on Aug 12, 2022.
             Slain by a goblin
             ... wielding a +2 dagger of speed
             ... led by Robin
              (3 damage)
             ... on level 2 of the Dungeon.
             The game lasted 00:09:04 (1844 turns).

Sabo the Charlatan (Gnoll Wanderer)                 Turns: 1844, Time: 00:09:05

Health: 0/25       AC:  7    Str: 11    XL:     3   Next: 60%
Magic:  4/4        EV: 14    Int:  8    God:
Gold:   75         SH:  0    Dex: 16    Spells: 3/3 levels left

rFire   . . .      SeeInvis .   a - +0 dagger (vorpal)
rCold   . . .      Faith    .   (no shield)
rNeg    . . .      Spirit   .   m - +3 leather armour
rPois   .          Reflect  .   d - +0 helmet
rElec   .          Harm     .   (no cloak)
rCorr   .          Rampage  .   (no gloves)
Will    .....                   (no boots)
Stlth   ++........              (no amulet)
HPRegen 0.08/turn               (no ring)
MPRegen 0.09/turn               (no ring)

@: no status effects
A: fangs 1, strong nose, distributed training
a: no special abilities


You were on level 2 of the Dungeon.
You visited 1 branch of the dungeon, and saw 2 of its levels.

You collected 75 gold pieces.

Inventory:

Hand Weapons
 a - a +0 vorpal dagger (weapon)
 c - a +0 short sword
 j - a +0 mace of holy wrath
Missiles
 b - a curare-tipped dart
 l - 4 silver boomerangs (quivered)
Armour
 d - a +0 helmet (worn)
 m - a +3 leather armour (worn)
Scrolls
 g - a scroll of blinking
 h - a scroll of identify
Potions
 f - 2 potions of curing
 i - a potion of flight


   Skills:
 + Level 0.9 Fighting
 + Level 2.6 Short Blades
 + Level 0.9 Long Blades
 + Level 0.9 Axes
 + Level 0.9 Maces & Flails
 + Level 0.9 Polearms
 + Level 0.9 Staves
 + Level 0.9 Ranged Weapons
 + Level 6.5 Throwing
 + Level 0.9 Armour
 + Level 6.5 Dodging
 + Level 0.9 Stealth
 + Level 0.9 Shields
 + Level 0.9 Unarmed Combat
 + Level 0.9 Spellcasting
 + Level 0.6 Conjurations
 + Level 0.6 Hexes
 + Level 0.6 Summonings
 + Level 0.6 Necromancy
 + Level 0.6 Translocations
 + Level 0.6 Transmutations
 + Level 0.6 Fire Magic
 + Level 0.6 Ice Magic
 + Level 0.6 Air Magic
 + Level 0.6 Earth Magic
 + Level 0.6 Poison Magic
 + Level 1.0 Invocations
 + Level 6.5 Evocations


You had 3 spell levels left.
You didn't know any spells.
Your spell library contained the following spells:

 Spells                   Type           Power      Damage    Failure   Level
 Borgnjor's Revivificati  Necr           0%         N/A       100%        8
 Necromutation            Tmut/Necr      0%         N/A       100%        8
 Death's Door             Necr           0%         N/A       100%        9


Dungeon Overview and Level Annotations

Branches:
Dungeon (2/15)

Altars:

Shops:
D:2 *

Annotations:
D:2 Robin


Innate Abilities, Weirdness & Mutations

You have very sharp teeth.
Your uncanny sense of smell can sniff out nearby items.
Your experience applies equally to all skills.


Message History

You barely miss the hobgoblin.
You bite the hobgoblin, but do no damage.
Robin throws the goblin at you! The goblin hits you but does no damage.
The hobgoblin barely misses you.
You closely miss the hobgoblin. The goblin hits you with a +0 club.
The hobgoblin barely misses you.
You hit the hobgoblin but do no damage. The hobgoblin hits you.
The goblin hits you with a +0 club.
You hit the hobgoblin.
The hobgoblin is heavily wounded.
The goblin no longer looks unusually strong.
Robin zaps a wand.
The roots erupt in riotous growth!
The hobgoblin is unaffected.
Robin is unaffected.
The grasping roots grab you!
The goblin is unaffected.
The grasping roots constrict you. The goblin hits you but does no damage.
The hobgoblin barely misses you.
You hear an angry hiss.
You hit the hobgoblin.
You kill the hobgoblin!
The goblin hits you with a +0 club.
* * * LOW HITPOINT WARNING * * *
The grasping roots constrict you.
* * * LOW HITPOINT WARNING * * *
As you read the scroll of fear, it crumbles to dust.
You assume a fearsome visage.
Robin looks frightened!
The goblin looks frightened! x3
The goblin no longer looks unusually strong.
The grasping roots constrict you.
You escape the roots grasp.
Cornered, Robin turns to fight!
Cornered, the goblin turns to fight! x2
Robin says, "Duck!"
Robin throws the goblin at you! The goblin attacks as you move away!
The goblin hits you but does no damage. The goblin attacks as you move away!
The goblin hits you but does no damage. The goblin attacks as you move away!
The goblin closely misses you.
Robin roars a battlecry!
The goblins go into a battle-frenzy!
The goblin attacks as you move away!
The goblin hits you with a +2 dagger of speed.
You die...

......#........######...##.......
....#...#..(..........#.#########
..#.......#...#####.#.#..........
#...........#.#####.#.###########
.....###......##....#............
#.... ###...###.########........
#.#.#. #...# #.# #........ ...$#.
#...# #.# ####.#######
..###g####...###@#####....#
ggg#...g.gg.g#...#....#
#.g#.#...###....#.#...#
#g.#.#...# #.#.#...#..#
#..#)#.#># #..#g.∩..#.#######
#g.)g#.#.# ###.#...#.........
#.g..####.#.# #...#.#..........
..#.. ..#.# #....#........... ##
....#.....#............†


You could see Robin and 4 goblins.

Vanquished Creatures
  2 gnolls (D:1)
  An adder (D:2)
  A bat (D:1)
  An endoplasm (D:1)
  2 giant cockroaches
  2 hobgoblins
  2 ball pythons (D:1)
  A frilled lizard (D:1)
  3 goblins (D:2)
  2 rats (D:2)
17 creatures vanquished.

Notes
Turn   | Place    | Note
-------+----------+-------------------------------------------
     0 | D:1      | Sabo the Gnoll Wanderer began the quest for the Orb.
     0 | D:1      | Sabo set off with the following items: a +0 vorpal dagger,
                  | a curare-tipped dart, a +0 short sword, a +0 helmet, a
                  | scroll of fear, a +0 leather armour.
     0 | D:1      | Reached XP level 1. HP: 13/13 MP: 1/1
   674 | D:1      | Reached XP level 2. HP: 19/19 MP: 2/2
  1280 | D:1      | Reached XP level 3. HP: 17/25 MP: 3/3
  1455 | D:2      | Reached skill level 1 in Invocations
  1688 | D:2      | Found Waasm's General Store.
  1809 | D:2      | Noticed Robin
  1844 | D:2      | Slain by a goblin

Illustrated notes

Levels and vault maps discovered:
D:1:      heliophobic_arrival_henge, layout_basic
D:2:      layout_basic, serial_shops, nicolae_diamond_shop,
          ebering_ecumenical_altar_abandoned, minmay_misc_feat_more_columns,
          uniq_robin

Skill      XL: |  1  2  3 |
---------------+----------+-----
Invocations    | 1 |  1.0
Fighting       | |  0.9
Short Blades   | |  2.6
Long Blades    | |  0.9
Axes           | |  0.9
Maces & Flails | |  0.9
Polearms       | |  0.9
Staves         | |  0.9
Ranged Weapons | |  0.9
Throwing       | |  6.5
Armour         | |  0.9
Dodging        | |  6.5
Stealth        | |  0.9
Shields        | |  0.9
Unarmed Combat | |  0.9
Spellcasting   | |  0.9
Conjurations   | |  0.6
Hexes          | |  0.6
Summonings     | |  0.6
Necromancy     | |  0.6
Translocations | |  0.6
Transmutations | |  0.6
Fire Magic     | |  0.6
Ice Magic      | |  0.6
Air Magic      | |  0.6
Earth Magic    | |  0.6
Poison Magic   | |  0.6
Evocations     | |  6.5

Action                   || total
-------------------------++-------
Melee: Dagger            ||    86
       Bite              ||    12
  Use: Scroll            ||     6
Armor: Leather armour    ||    29
Dodge: Dodged            ||    74

Table legend: (Time is in decaauts)
 A = Elapsed time spent in this place.
 B = Non-inter-level travel time spent in this place.
 C = Inter-level travel time spent in this place.
 D = Time resting spent in this place.
 E = Time spent auto-exploring this place.
 F = Levels seen in this place.
 G = Mean time per level.
                   A        B        C        D        E       F      G
               +--------+--------+--------+--------+--------+-----+--------+
         Total |   1834 |   1834 |      0 |    539 |      0 |   2 |  917.0 |
       Dungeon |   1834 |   1834 |      0 |    539 |      0 |   2 |  917.0 |
               +--------+--------+--------+--------+--------+-----+--------+

Top non-repeatable levels by time:
     D:1: 1429 daAuts
     D:2: 405 daAuts
